 Dungeon Crawl Stone Soup version 0.21.1-1-g345015f (webtiles) character file.

343 Fang the Chopper (level 6, -8/39 HPs)
             Began as a Gargoyle Berserker on June 14, 2018.
             Was a Priest of Trog.
             Mangled by Lucherd's ghost (16 damage)
             ... on level 6 of the Dungeon.
             The game lasted 00:03:25 (2598 turns).

Fang the Chopper (Gargoyle Berserker)               Turns: 2598, Time: 00:03:25

Health: -8/39      AC:  6    Str: 22    XL:     6   Next: 57%
Magic:  6/6        EV: 12    Int:  8    God:    Trog [***...]
Gold:   127        SH:  0    Dex:  9    Spells: 5/5 levels left

rFire    . . .     SeeInvis .   a - +0 hand axe
rCold    . . .     Gourm    .   (no shield)
rNeg     + . .     Faith    .   b - +0 animal skin
rPois    ∞         Spirit   .   (no helmet)
rElec    +         Reflect  .   (no cloak)
rCorr    .         Harm     .   (no gloves)
MR       .....                  (no boots)
Stlth    ++........             (no amulet)
HPRegen  0.13/turn              (no ring)
MPRegen  0.10/turn              (no ring)

@: berserk cooldown, slowed, very slow
A: negative energy resistance 1, electricity resistance, unbreathing,
petrification resistance, rot immunity, AC +4
a: Berserk, Trog's Hand, Burn Spellbooks, Renounce Religion


You were on level 6 of the Dungeon.
You worshipped Trog.
Trog was most pleased with you.
You were near starving.

You visited 1 branch of the dungeon, and saw 4 of its levels.

You collected 127 gold pieces.

Inventory:

Hand Weapons
 a - a +0 hand axe (weapon)
Armour
 b - a +0 animal skin (worn)
Jewellery
 f - a cursed ring of teleportation {unknown}
 k - an uncursed ring of protection from cold {unknown}
 q - a +2 ring of protection {unknown}
Wands
 m - a wand of flame (33)
Scrolls
 d - 3 scrolls of remove curse {unknown}
 e - 2 scrolls of enchant weapon {unknown}
 g - 3 scrolls of identify {unknown}
 h - 3 scrolls of immolation {unknown}
 n - a scroll of enchant armour {unknown}
 o - a scroll of amnesia {unknown}
 s - a scroll of noise {unknown}
 t - a scroll of fear {unknown}
 v - a scroll of fog {unknown}
Potions
 i - a potion of heal wounds {unknown}
 j - a potion of might {unknown}
 l - a potion of curing {unknown}
 p - a potion of ambrosia {unknown}
 r - a potion of degeneration {unknown}
Comestibles
 c - 4 rations
 u - 3 chunks of flesh


   Skills:
 + Level 4.4 Fighting
 + Level 5.0 Axes
 + Level 2.4 Armour
 + Level 2.4 Dodging
 + Level 2.8 Stealth


You had 5 spell levels left.
You didn't know any spells.

Dungeon Overview and Level Annotations

Branches:
Dungeon (3/15)

Altars:
Fedhas
Trog

Annotations:
D:6 Lucherd's ghost, novice HOFi


Innate Abilities, Weirdness & Mutations

You are resistant to torment.
Your stone body is resilient. (AC +4)
You are immune to poison.
You resist negative energy. (rN+)
You are resistant to electric shocks. (rElec)
You can survive without breathing.
You are immune to petrification.
You are immune to rotting.


Message History

You hit Lucherd's ghost.
Lucherd's ghost is severely damaged.
You slash Lucherd's ghost!
Lucherd's ghost is severely damaged.
You are no longer berserk.
You are exhausted.
You feel yourself slow down. Lucherd's ghost hits you.
You barely miss Lucherd's ghost.
Lucherd's ghost is severely damaged.
Lucherd's ghost hits you!
* * * LOW HITPOINT WARNING * * *
Lucherd's ghost barely misses you.
You slash Lucherd's ghost!
Lucherd's ghost is almost destroyed.
Lucherd's ghost closely misses you.
You are near starving!
You hit Lucherd's ghost but do no damage.
Lucherd's ghost is almost destroyed.
Lucherd's ghost hits you!
You die...

#### ####... .# ##......
#+##.# #....P.#
##.##.####### ##..._P.#
.....##..... ....P...#
#.##.##.##..
#......######.##.##.##.#
#.....@W........##.##.#
...........÷.........##.#
........####.#...........
......#.# #.######.....#
##..###.# #.. #..#... #..
#.. +... .......## #. ###
#...#.###...## . #...#
#...## .... ..<...


You could see Lucherd's ghost.

Vanquished Creatures
  2 black bears (D:6)
  Robin (D:2)
  6 adders
  An ooze (D:1)
  5 worms
  3 dart slugs
  3 leopard geckos
  2 orcs (D:3)
  3 giant cockroaches
  13 goblins
  12 hobgoblins
  2 jackals (D:1)
  2 ball pythons
  6 bats (D:1)
  5 kobolds
  8 rats
74 creatures vanquished.

Notes
Turn   | Place    | Note
-------+----------+-------------------------------------------
     0 | D:1      | Fang the Gargoyle Berserker began the quest for the Orb.
     0 | D:1      | Reached XP level 1. HP: 14/14 MP: 1/1
   116 | D:1      | Reached XP level 2. HP: 11/19 MP: 2/2
   213 | D:1      | Reached skill level 3 in Axes
   376 | D:1      | Reached XP level 3. HP: 14/23 MP: 3/3
   888 | D:2      | Noticed Robin
   894 | D:2      | Reached ** piety under Trog
   896 | D:2      | Reached skill level 1 in Stealth
   907 | D:2      | Killed Robin
   907 | D:2      | Reached XP level 4. HP: 29/29 MP: 4/4
  1076 | D:2      | Found a blossoming altar of Fedhas.
  1804 | D:2      | Reached XP level 5. HP: 28/33 MP: 5/5
  1819 | D:2      | Reached skill level 4 in Axes
  2446 | D:3      | Reached *** piety under Trog
  2462 | D:3      | You fall through a shaft for 3 floors!
  2495 | D:6      | Noticed a black bear
  2506 | D:6      | Killed a black bear
  2506 | D:6      | Reached XP level 6. HP: 38/38 MP: 6/6
  2510 | D:6      | Found a bloodstained altar of Trog.
  2576 | D:6      | Noticed Lucherd's ghost (novice HOFi)
  2577 | D:6      | Noticed a black bear
  2584 | D:6      | Killed a black bear
  2584 | D:6      | Reached skill level 5 in Axes
  2598 | D:6      | Mangled by Lucherd's ghost

Skill      XL: |  1  2  3  4  5  6 |
---------------+-------------------+-----
Axes           | 3 4 5 |  5.0
Stealth        | 1 2 |  2.8
Dodging        | 2 |  2.4
Fighting       | 4 |  4.4
Armour         | |  2.4

Action                   |  1- 3 |  4- 6 || total
-------------------------+-------+-------++-------
Melee: Hand axe          |    85 |   177 ||   262
Invok: Berserk           |     2 |     2 ||     4
 Stab: Sleeping          |     2 |     5 ||     7
  Eat: Chunk             |       |     8 ||     8
Armor: Animal skin       |    40 |    42 ||    82
Dodge: Dodged            |    68 |   100 ||   168
